 Dungeon Crawl Stone Soup version 0.24-a0-549-g45f0056d81 (webtiles) character file.

Game seed: 3838157087465995992

0 Jannitor the Ducker (level 1, -6/11 HPs)
             Began as a Spriggan Abyssal Knight on Aug 19, 2019.
             Was a Follower of Lugonu.
             Killed from afar by a wretched star (17 damage)
             ... with an orb of energy
             ... on level 1 of the Abyss.
             The game lasted 00:01:10 (350 turns).

Jannitor the Ducker (Spriggan Abyssal Knight)        Turns: 350, Time: 00:01:10

Health: -6/11      AC:  2    Str:  8    XL:     1   Next: 0%
Magic:  3/3        EV: 18    Int:  9    God:    Lugonu [*.....]
Gold:   68         SH:  0    Dex: 15    Spells: 0/0 levels left

rFire    . . .     SeeInvis +   a - +1 short sword
rCold    . . .     Gourm    .   (shield restricted)
rNeg     . . .     Faith    .   b - +0 robe
rPois    .         Spirit   .   (helmet restricted)
rElec    .         Reflect  .   (no cloak)
rCorr    .         Harm     .   (gloves unavailable)
MR       .....                  (boots unavailable)
Stlth    +.........             (no amulet)
HPRegen  0.03/turn              (no ring)
MPRegen  0.08/turn              (no ring)

@: very quick
A: very small, unfitting armour, see invisible, [dopey 2], herbivore, speed 3,
slow metabolism 2
a: Depart the Abyss, Renounce Religion


You were on level 1 of the Abyss.
You worshipped Lugonu.
Lugonu was aware of your devotion.
You were not hungry.

You visited 0 branches of the dungeon, and saw 0 of its levels.
You visited the Abyss 1 time.

You collected 68 gold pieces.

Inventory:

Hand Weapons
 a - a +1 short sword (weapon)
Missiles
 f - 3 boomerangs (quivered)
Armour
 b - a +0 robe (worn)
Scrolls
 e - a scroll of teleportation {unknown}
 g - a scroll of identify {unknown}
 h - a scroll of enchant weapon {unknown}
Potions
 d - a potion of mutation {unknown}
Comestibles
 c - 2 rations


   Skills:
 + Level 2.4 Fighting
 + Level 2.1 Short Blades
 + Level 3.5 Dodging
 + Level 1.7 Invocations


You couldn't memorise any spells.
You didn't know any spells.
Your spell library was empty.

Dungeon Overview and Level Annotations

Branches:
Dungeon (0/15)

Altars:


Innate Abilities, Weirdness & Mutations

You are very small and have problems with some larger weapons.
You are too small for most types of armour.
You have supernaturally acute eyesight. (SInv)
You are a herbivore.
You cover ground extremely quickly.
You need to consume almost no food.
[You are very dopey. (Int -4)]


Message History

Found a scroll labeled JUFANE RIMUT.
Tentacles burst from the starspawn's body! 2 starspawn tentacles come into view.
You see here 13 gold pieces.
You see here 13 gold pieces.
You now have 68 gold pieces (gained 13).
h - a scroll labeled JUFANE RIMUT Tentacles burst from the starspawn's body! 2 starspawn tentacles come into view.
There are no items here.
c - 2 rations (gained 1)
A wretched star comes into view.
The wretched star pulses with an eldritch light!
You feel stupid. x2
Unknown command.
A wretched star comes into view.
The wretched star glows turbulently.
The orb of energy hits you!
Ouch! That really hurt!
You die...

*. ## .#. ## # # #.
ยง#. #. .. ...#. . ##.#
#.###.#.. #....#
..##..####..#...##.#...
..#.#.#..#.......#*..#
## ...#..#.#.#.. ....#
.#.....#..#...##..#
###...#.##.#.#..@#.#
.##...##.#.#.......#
..#..##......#.#...#
.##..##.#..#...#...#
#.#.# #...###...####
.### ##.## ##.##
#...###...###...# #.
.#.##.#. ..... # .....
...##.....


You could see a wretched star.

Vanquished Creatures (others)
  6 starspawn tentacles (Abyss:1)
6 creatures vanquished.

Notes
Turn   | Place    | Note
-------+----------+-------------------------------------------
     0 | Abyss:1  | Jannitor the Spriggan Abyssal Knight began the quest for
                  | the Orb.
     0 | Abyss:1  | Reached XP level 1. HP: 11/11 MP: 3/3
     2 | Abyss:1  | Found a corrupted altar of Lugonu.
    62 | Abyss:1  | Noticed a ynoxinul
    66 | Abyss:1  | Noticed a large abomination
    78 | Abyss:1  | Noticed an ancient zyme
    82 | Abyss:1  | Found a sparkling altar of Nemelex Xobeh.
    99 | Abyss:1  | Noticed a fire giant skeleton
   107 | Abyss:1  | Noticed a small abomination
   118 | Abyss:1  | Noticed an ancient zyme
   129 | Abyss:1  | Noticed a ynoxinul
   130 | Abyss:1  | Noticed a quasit
   139 | Abyss:1  | Noticed an efreet
   142 | Abyss:1  | Noticed a large abomination
   177 | Abyss:1  | Noticed a starcursed mass
   253 | Abyss:1  | Noticed an efreet
   284 | Abyss:1  | Noticed a fire dragon skeleton
   309 | Abyss:1  | Noticed a tentacled starspawn
   340 | Abyss:1  | Noticed a wretched star
   349 | Abyss:1  | Noticed a wretched star
   350 | Abyss:1  | Killed from afar by a wretched star

Levels and vault maps discovered:
Abyss:1

Action                   || total
-------------------------++-------
Armor: Robe              ||     1
Dodge: Dodged            ||     9

Table legend:
 A = Non-vault XP
 B = Vault XP
 C = Vault XP percentage of total XP
 D = Non-vault monster count
 E = Vault monster count
 F = Vault count percentage of total count
                 A         B        C        D         E       F
            +---------+---------+-------+---------+---------+-------
      Total |       0 |       0 |   N/A |       0 |       0 |  -nan
            +---------+---------+-------+---------+---------+-------
            +---------+---------+-------+---------+---------+-------
